 Dungeon Crawl Stone Soup version 0.24-a0-479-g9a978d2894 (webtiles) character file.

Game seed: 17931484296388822244

53888 DasRunzen the Fighter (level 14, -3/130 (132) HPs)
             Began as a Minotaur Fighter on July 8, 2019.
             Was the Champion of Okawaru.
             Slain by a death yak (9 damage)
             ... on level 6 of the Lair of Beasts.
             The game lasted 00:32:58 (17374 turns).

DasRunzen the Fighter (Minotaur Fighter)           Turns: 17374, Time: 00:32:59

HP:   -3/130 (132)  AC: 18    Str: 27    XL:     14   Next: 32%
MP:   19/19         EV:  8    Int:  5    God:    Okawaru [******]
Gold: 1239          SH:  4    Dex:  9    Spells: 13/13 levels left

rFire    + . .     SeeInvis +   V - +11 executioner's axe "Famutrih" {pain, Fragile rPois rC+ Stlth+}
rCold    + . .     Gourm    .   (shield currently unavailable)
rNeg     . . .     Faith    .   K - +0 plate armour
rPois    +         Spirit   .   (helmet restricted)
rElec    .         Reflect  +   a - +2 cloak
rCorr    .         Harm     .   (no gloves)
MR       +....                  y - +2 pair of boots
Stlth    ..........             S - +4 amulet of reflection
HPRegen  0.31/turn              C - ring of see invisible
MPRegen  0.16/turn              w - ring of protection from fire

@: no status effects
A: retaliatory headbutt, horns 2, blurry vision 1, deformed body, sturdy frame 1
a: Heroism, Finesse, Renounce Religion


You were on level 6 of the Lair of Beasts.
You worshipped Okawaru.
Okawaru was exalted by your worship.
You were very hungry.

You visited 3 branches of the dungeon, and saw 18 of its levels.
You also visited: Ice Cave.

You collected 1239 gold pieces.

Inventory:

Hand Weapons
 s - a +3 war axe of flaming
 J - the +1 fustibalus of Xoleg {freeze, Dex+3}
   (Okawaru gifted it to you on level 2 of the Lair of Beasts)

   It causes projectiles fired from it to freeze those they strike, causing
   extra injury to most foes and up to half again as much damage against
   particularly susceptible opponents.
   They can also slow down cold-blooded creatures.
   It affects your dexterity (+3).
 N - the +2 war axe of Weekasutz {freeze, Int+4}
   (Okawaru gifted it to you in an ice cave)

   It has been specially enchanted to freeze those struck by it, causing extra
   injury to most foes and up to half again as much damage against particularly
   susceptible opponents.
   It can also slow down cold-blooded creatures.
   It affects your intelligence (+4).
 P - the +8 storm bow {elec, penet}
   (You found it in an ice cave)

   It charges the ammunition it shoots with electricity; occasionally upon a
   hit, such missiles may discharge and cause terrible harm.
   Ammo fired by it will pass through the targets it hits, potentially hitting
   all targets in its path until it reaches maximum range.
 V - the +11 executioner's axe "Famutrih" (weapon) {pain, Fragile rPois rC+ Stlth+}
   (Okawaru gifted it to you on level 6 of the Lair of Beasts)

   In the hands of one skilled in necromantic magic, it inflicts extra damage on
   living creatures.
   It protects you from cold.
   It protects you from poison.
   It will be destroyed if unequipped.
   It makes you more stealthy.
Armour
 a - a +2 cloak (worn)
 c - a +1 shield
 y - a +2 pair of boots (worn)
 K - a +0 plate armour (worn)
Jewellery
 h - a +3 ring of intelligence
 o - an uncursed amulet of faith {unknown}
 w - a ring of protection from fire (right hand)
 A - an uncursed ring of flight
 B - an uncursed ring of stealth
 C - a ring of see invisible (left hand)
 O - an uncursed ring of ice {unknown}
 Q - an uncursed ring of ice {unknown}
 S - a +4 amulet of reflection (around neck)
 T - an uncursed ring of magical power {unknown}
Wands
 m - a wand of flame (113)
 p - a wand of iceblast (54)
 r - a wand of random effects (73)
 G - a wand of polymorph (16)
 I - a wand of paralysis (13)
 L - a wand of scattershot (5)
 M - a wand of digging (9)
 U - a wand of acid (22)
Scrolls
 k - 3 scrolls of immolation
 l - 14 scrolls of remove curse
 u - 3 scrolls of magic mapping
 v - 3 scrolls of fear
 x - 5 scrolls of teleportation
 D - 4 scrolls of identify
 H - a scroll of torment {unknown}
 R - a scroll of amnesia
Potions
 b - a potion of cancellation {unknown}
 d - 7 potions of might
 e - 4 potions of invisibility
 g - 3 potions of heal wounds
 i - 2 potions of brilliance
 j - 2 potions of ambrosia
 n - 10 potions of curing
 q - 2 potions of agility
 t - 4 potions of magic
 z - 7 potions of haste {unknown}
 E - 2 potions of flight {unknown}
 F - 2 potions of lignification {unknown}
Comestibles
 f - 39 rations


   Skills:
 + Level 14.1 Fighting
 + Level 14.0 Axes
 + Level 14.1 Armour
 + Level 14.1 Shields
 + Level 9.3 Invocations


You had 13 spell levels left.
You didn't know any spells.
Your spell library contained the following spells:

 Spells                   Type           Power        Failure   Level  Hunger
 Flame Tongue             Conj/Fire      #....        94%         1    ##.....
 Throw Flame              Conj/Fire      #.....       98%         2    ###....
 Conjure Flame            Conj/Fire      #.......     100%        3    ####...
 Inner Flame              Hex/Fire       #.......     100%        3    ####...
 Ice Form                 Ice/Tmut       #.......     100%        4    #####..
 Sticky Flame             Conj/Fire      #.......     100%        4    #####..
 Fireball                 Conj/Fire      #.........   100%        5    ######.
 Metabolic Englaciation   Hex/Ice        #.........   100%        5    ######.
 Bolt of Cold             Conj/Ice       #.........   100%        6    #######
 Freezing Cloud           Conj/Ice/Air   #.........   100%        6    #######
 Ozocubu's Refrigeration  Ice            #.........   100%        6    #######
 Simulacrum               Ice/Necr       #.........   100%        6    #######


Dungeon Overview and Level Annotations

Branches:
Dungeon (11/15)            Temple (1/1) D:4            Lair (6/6) D:8
  Swamp (0/4) Lair:3       Spider (0/4) Lair:4        Slime (0/5) Lair:6
    Orc: D:9-12

Altars:
Ashenzari
Cheibriados
Dithmenos
Elyvilon
Fedhas
Gozag
Hepliaklqana
Kikubaaqudgha
Makhleb
Nemelex Xobeh
Okawaru
Qazlal
Ru
Sif Muna
Trog
Uskayaw
Vehumet
Wu Jian
Xom
Yredelemnul
Zin
The Shining One

Shops:
D:6 ((*

Annotations:
Lair:5 exclusion: oklob plant


Innate Abilities, Weirdness & Mutations

You reflexively headbutt those who attack you in melee.
You have a pair of horns on your head.
Scrolls take you a little longer to read.
Armour fits poorly on your strangely shaped body.
Your movements are slightly less encumbered by armour. (ER -2)


Message History

* * * LOW HITPOINT WARNING * * *
The manticore bites you!
* * * LOW HITPOINT WARNING * * *
The manticore claws you but does no damage.
The manticore claws you.
* * * LOW HITPOINT WARNING * * *
The yak barely misses you. You block the death yak's attack.
You slice the yak!!
You kill the yak!
Okawaru accepts your kill.
You hit the manticore. You slash the death yak!
The manticore bites you but does no damage.
The manticore claws you but does no damage. x2
The manticore bites you but does no damage.
The manticore claws you but does no damage. x2
You barely miss the death yak.
The death yak is lightly wounded.
You hit the manticore but do no damage. You closely miss the yak.
The death yak gores you!
You die...

# # .% # # ... #
.##... ......
#...# #. ##H.# ...
#@Y# ###
#..P###Y## ###.##
........####....##
.###....P##......#
###...#......##
##.....##..#
###.###.รท.#
#######...##
#P.###...##


You could see a death yak, a manticore and a yak.

Vanquished Creatures
  A frost giant (IceCv)
  Josephine (Lair:4)
  6 hydras
  Erica (Lair:2)
  A catoblepas (Lair:6)
  A two-headed ogre (D:11)
  3 death yaks (IceCv)
  Nergalle (D:10)
  Pikel (D:6)
  An oklob plant (Lair:6)
  An ugly thing (D:11)
  2 manticores
  A deep elf mage (D:9)
  A cyclops (D:11)
  5 elephants (Lair:5)
  An ice statue (IceCv)
  7 black mambas
  Joseph (D:8)
  7 spiny frogs
  Psyche (D:8)
  A rime drake (Lair:1)
  An efreet (D:9)
  9 komodo dragons
  14 polar bears
  A troll (D:5)
  8 jumping spiders (Lair:4)
  A hornet (Lair:4)
  4 dream sheep
  28 blink frogs
  5 hippogriffs
  2 redbacks (Lair:4)
  3 wraiths (Lair:4)
  Sigmund (D:3)
  A hungry ghost (D:8)
  A shadow (D:11)
  39 yaks
  3 wyverns
  3 basilisks
  Edmund (D:6)
  A soldier ant (D:11)
  10 water moccasins
  7 porcupines
  3 orc warriors (D:9)
  12 ice beasts
  3 sky beasts
  7 necrophages
  3 phantoms
  2 slaves (D:6)
  15 wolves
  8 ogres
  4 centaurs
  14 crocodiles
  5 big kobolds
  9 bullfrogs
  4 scorpions
  2 water moccasin zombies
  A wyvern skeleton (D:6)
  12 killer bees
  6 wights
  3 howler monkeys
  2 bullfrog zombies
  3 crimson imps
  A quasit (D:8)
  3 bullfrog skeletons
  3 hounds
  9 jellies
  10 orc wizards
  A centaur skeleton (D:8)
  3 orc priests
  An iguana (D:7)
  Ijyb (D:3)
  8 worker ants
  A killer bee zombie (D:9)
  A hound zombie (D:11)
  3 hound skeletons
  A mummy (D:11)
  A worker ant zombie (D:9)
  15 gnolls
  A howler monkey skeleton (D:7)
  9 adders
  5 shadow imps
  6 oozes
  2 adder skeletons
  An adder zombie (D:9)
  5 worms
  4 dart slugs
  7 leopard geckos
  52 orcs
  3 ball pythons
  5 bats
  4 giant cockroaches
  32 goblins
  32 hobgoblins
  14 jackals
  3 quokkas
  4 frilled lizards
  A giant cockroach zombie (D:5)
  A jackal zombie (D:7)
  19 kobolds
  2 quokka skeletons
  6 rats
586 creatures vanquished.

Vanquished Creatures (others)
  A komodo dragon (Lair:6)
  4 dream sheep (Lair:6)
  A wolf (IceCv)
  4 goblins (D:3)
  A hobgoblin (D:3)
  12 fungi
  6 plants
29 creatures vanquished.

Grand Total: 615 creatures vanquished

Notes
Turn   | Place    | Note
-------+----------+-------------------------------------------
     0 | D:1      | DasRunzen the Minotaur Fighter began the quest for the Orb.
     0 | D:1      | Reached XP level 1. HP: 19/19 MP: 0/0
   122 | D:1      | Reached XP level 2. HP: 26/27 MP: 1/1
   524 | D:1      | Reached XP level 3. HP: 33/33 MP: 2/2
   910 | D:2      | Reached XP level 4. HP: 32/41 MP: 3/3
  1349 | D:3      | Noticed Sigmund
  1362 | D:3      | Killed Sigmund
  1362 | D:3      | Reached skill level 5 in Fighting
  1362 | D:3      | Reached skill level 5 in Armour
  1362 | D:3      | Reached skill level 5 in Shields
  1362 | D:3      | Reached XP level 5. HP: 16/48 MP: 4/4
  1543 | D:3      | Noticed Ijyb
  1552 | D:3      | Killed Ijyb
  1552 | D:3      | Reached XP level 6. HP: 51/56 MP: 5/5
  2316 | D:3      | Reached skill level 5 in Axes
  2321 | D:3      | Reached XP level 7. HP: 58/62 MP: 6/6
  3125 | D:4      | Found a staircase to the Ecumenical Temple.
  3135 | Temple   | Entered the Ecumenical Temple
  3145 | Temple   | Became a worshipper of Warmaster Okawaru
  3325 | D:4      | Reached XP level 8. HP: 53/71 MP: 7/7
  3447 | D:4      | Reached * piety under Okawaru
  3655 | D:5      | Entered Level 5 of the Dungeon
  3744 | D:5      | Noticed a troll
  3749 | D:5      | Killed a troll
  4320 | D:5      | Gained mutation: Armour fits poorly on your strangely
                  | shaped body. [potion of mutation]
  4320 | D:5      | Gained mutation: Scrolls take you a little longer to read.
                  | [potion of mutation]
  4320 | D:5      | Gained mutation: Your movements are slightly less
                  | encumbered by armour. (ER -2) [potion of mutation]
  4336 | D:6      | Noticed Pikel
  4339 | D:6      | Reached ** piety under Okawaru
  4339 | D:6      | Reached XP level 9. HP: 72/81 MP: 8/8
  4349 | D:6      | Killed Pikel
  4455 | D:6      | Found a glowing golden altar of the Shining One.
  4511 | D:6      | Found Itzal's Weapon Emporium.
  4620 | D:6      | Found Zijimne's Weapon Boutique.
  4667 | D:6      | Noticed Edmund
  4669 | D:6      | Found a radiant altar of Vehumet.
  4682 | D:6      | Killed Edmund
  4785 | D:6      | Found Omofaisa's General Store.
  4854 | D:6      | Found a shimmering altar of Xom.
  4856 | D:6      | Found a snail-covered altar of Cheibriados.
  4857 | D:6      | Found a sparkling altar of Nemelex Xobeh.
  5144 | D:7      | Reached *** piety under Okawaru
  5449 | D:7      | Found a stormy altar of Qazlal.
  5524 | D:8      | Noticed Psyche
  5536 | D:8      | Killed Psyche
  5536 | D:8      | Reached XP level 10. HP: 73/91 MP: 9/9
  5555 | D:8      | Found a staircase to the Lair.
  5625 | D:8      | Reached **** piety under Okawaru
  5847 | D:8      | Noticed Joseph
  5859 | D:8      | Killed Joseph
  5859 | D:8      | Reached skill level 10 in Fighting
  5859 | D:8      | Reached skill level 10 in Armour
  5859 | D:8      | Reached skill level 10 in Shields
  5859 | D:8      | Reached skill level 1 in Invocations
  6404 | D:9      | Found a white marble altar of Elyvilon.
  6405 | D:9      | Found a bloodstained altar of Trog.
  6520 | D:9      | Reached skill level 10 in Axes
  6531 | D:9      | Reached ***** piety under Okawaru
  6585 | D:9      | Noticed a deep elf mage
  6982 | D:9      | Killed a deep elf mage
  7207 | D:9      | Reached XP level 11. HP: 76/101 MP: 12/12
  7469 | D:10     | Entered Level 10 of the Dungeon
  7628 | D:10     | Noticed Nergalle
  7654 | D:10     | Killed Nergalle
  8437 | D:10     | Received a gift from Okawaru
  8467 | D:10     | Noticed a three-headed hydra
  8471 | D:10     | Killed a one-headed hydra
  8920 | D:11     | Noticed a white ugly thing
  8934 | D:11     | Killed a white ugly thing
  9235 | D:11     | Noticed a two-headed ogre
  9242 | D:11     | Killed a two-headed ogre
  9242 | D:11     | Reached skill level 5 in Invocations
  9487 | D:11     | Received a gift from Okawaru
  9829 | Lair:1   | Entered Level 1 of the Lair of Beasts
  9835 | Lair:1   | Reached ****** piety under Okawaru
  9881 | Lair:1   | Reached XP level 12. HP: 90/109 MP: 15/15
 11154 | Lair:2   | Noticed Erica
 11164 | Lair:2   | Killed Erica
 11200 | Lair:2   | Received a gift from Okawaru
 11205 | Lair:2   | Got an ancient fustibalus {god gift}
 11668 | Lair:2   | Identified the +1 fustibalus of Xoleg {freeze, Dex+3}
                  | (Okawaru gifted it to you on level 2 of the Lair of Beasts)
 11727 | Lair:3   | Found a staircase to the Swamp.
 11884 | Lair:3   | Noticed a five-headed hydra
 11890 | Lair:3   | Killed a three-headed hydra
 12112 | Lair:3   | Noticed a six-headed hydra
 12122 | Lair:3   | Killed a two-headed hydra
 12523 | Lair:4   | Found a frozen archway.
 12556 | IceCv    | Entered an ice cave
 12574 | IceCv    | Received a gift from Okawaru
 12579 | IceCv    | Got a transparent war axe {god gift}
 12580 | IceCv    | Identified the +2 war axe of Weekasutz {freeze, Int+4}
                  | (Okawaru gifted it to you in an ice cave)
 13147 | IceCv    | Reached XP level 13. HP: 115/117 MP: 17/17
 13619 | IceCv    | Noticed a frost giant
 13638 | IceCv    | Received a gift from Okawaru
 13650 | IceCv    | Killed a frost giant
 13866 | IceCv    | Found the +8 storm bow {elec, penet}
 13935 | Lair:4   | Noticed Josephine
 13953 | Lair:4   | Killed Josephine
 13990 | Lair:4   | Found a hole to the Spider Nest.
 14016 | Lair:4   | Received a gift from Okawaru
 15234 | Lair:5   | Found a blossoming altar of Fedhas.
 15704 | Lair:6   | Entered Level 6 of the Lair of Beasts
 16106 | Lair:5   | Received a gift from Okawaru
 16106 | Lair:5   | Reached XP level 14. HP: 110/128 MP: 19/19
 16724 | Lair:6   | Found a staircase to the Slime Pits.
 17012 | Lair:6   | Received a gift from Okawaru
 17015 | Lair:6   | Got a twisted executioner's axe {god gift}
 17021 | Lair:6   | Identified the +11 executioner's axe "Famutrih" {pain,
                  | Fragile rPois rC+ Stlth+} (Okawaru gifted it to you on
                  | level 6 of the Lair of Beasts)
 17372 | Lair:6   | HP: 6/130 [manticore (6)]
 17374 | Lair:6   | Slain by a death yak

Levels and vault maps discovered:
D:1:      dpeg_arrival_tiny_a, layout_basic
D:2:      layout_rooms
D:3:      minmay_goblin_kobold_castle, layout_basic, first_ration, uniq_sigmund,
          uniq_ijyb
D:4:      layout_cave_pools, minmay_temple_entry_trees
D:5:      cheibrodos_thug_alley, layout_rooms, chequers_mini_garden
D:6:      layout_rooms, minitemple, marbit_many_paths, serial_shops, shop,
          kennysheep_mini, kennysheep_little_box, minmay_misc_feat_diagonals,
          uniq_pikel, uniq_edmund
D:7:      layout_loops_ring, lemuel_round_altar
D:8:      layout_loops_ring, dpeg_oklobed_lair, kennysheep_generic_room_8,
          uniq_joseph, uniq_psyche
D:9:      minmay_chambers_of_sixes, layout_loops_ring,
          nicolae_overflow_hidden_temple
D:10:     layout_loops_corners, hangedman_ranch [blue_anna_fruit_fields],
          uniq_nergalle
D:11:     layout_loops_ring, serial_undead, serial_undead_a, serial_undead_a,
          serial_undead_f, serial_undead_e, grunt_ministairs_2
Temple:   nicolae_temple_great_sept
Lair:1:   layout_chaotic_city, chequers_serial_rivers_micro_a,
          grunt_megastairs_3
Lair:2:   layout_cave_pods, grunt_megastairs_5, uniq_erica
Lair:3:   layout_cave_pods, swamp_mist, cheibrodos_lair_reptile_den
Lair:4:   layout_loops_ring, nicolae_spider_entry_tight_spaces,
          portal_ice_cave_entry_ice_beasts, uniq_josephine
Lair:5:   layout_regular_city, tgw_fedhas, grunt_megastairs_2,
          lemuel_fruit_fields
Lair:6:   evilmike_catoblepas_cave, layout_cave_pods,
          nicolae_slime_entry_slimehenge, minmay_stone_trees_small,
          grunt_megastairs_1

Skill      XL: |  1  2  3  4  5  6  7  8  9 10 11 12 13 14 |
---------------+-------------------------------------------+-----
Fighting       | 4 5 6 7 9 10 11 12 13 14 | 14.1
Shields        | 4 5 6 7 9 10 11 12 13 14 | 14.1
Armour         | 4 5 6 7 9 10 11 12 13 14 | 14.1
Axes           | 3 4 5 6 7 9 10 11 12 13 14 | 14.0
Invocations    | 2 5 7 8 9 |  9.3

Action                   |  1- 3 |  4- 6 |  7- 9 | 10-12 | 13-15 || total
-------------------------+-------+-------+-------+-------+-------++-------
Melee: War axe           |    76 |   174 |   253 |   702 |   438 ||  1643
       Headbutt          |    11 |    28 |    47 |   128 |   105 ||   319
       Executioner's axe |       |       |       |       |    19 ||    19
Invok: Heroism           |       |       |       |       |     2 ||     2
  Use: Scroll            |     4 |     3 |    11 |     9 |       ||    27
       Potion            |       |       |     1 |       |       ||     1
 Stab: Distracted        |       |       |       |       |     1 ||     1
  Eat: Chunk             |       |     5 |    12 |    17 |    14 ||    48
       Ration            |       |       |       |     2 |       ||     2
Armor: Scale mail        |    40 |    63 |    51 |   103 |       ||   257
       Plate armour      |       |       |       |    49 |   173 ||   222
Dodge: Dodged            |    30 |    53 |    54 |   124 |   102 ||   363
Block: Shield            |    39 |   147 |   168 |   498 |   402 ||  1254
       Reflection        |       |    15 |     7 |     9 |     1 ||    32
       Other             |       |       |       |       |     3 ||     3

Table legend:
 A = Non-vault XP
 B = Vault XP
 C = Vault XP percentage of total XP
 D = Non-vault monster count
 E = Vault monster count
 F = Vault count percentage of total count
                 A         B        C        D         E       F
            +---------+---------+-------+---------+---------+-------
      Total |   45076 |   31907 |  41.4 |     389 |     200 |  34.0
            +---------+---------+-------+---------+---------+-------
        D:1 |      50 |       0 |   0.0 |      23 |       0 |   0.0
        D:2 |      84 |       0 |   0.0 |      27 |       0 |   0.0
        D:3 |     205 |     493 |  70.6 |      26 |      71 |  73.2
        D:4 |     939 |       0 |   0.0 |      33 |       0 |   0.0
        D:5 |     654 |     196 |  23.1 |      15 |      10 |  40.0
        D:6 |     676 |     791 |  53.9 |      15 |       3 |  16.7
        D:7 |     639 |       0 |   0.0 |      29 |       0 |   0.0
        D:8 |    2885 |     876 |  23.3 |      36 |       3 |   7.7
        D:9 |    1674 |    1032 |  38.1 |      36 |       4 |  10.0
       D:10 |    2427 |    3061 |  55.8 |      22 |       9 |  29.0
       D:11 |    3893 |     941 |  19.5 |      18 |      11 |  37.9
     Lair:1 |    1466 |     832 |  36.2 |       8 |       2 |  20.0
     Lair:2 |    5673 |    1048 |  15.6 |      22 |       2 |   8.3
     Lair:3 |    2814 |     821 |  22.6 |       7 |       2 |  22.2
     Lair:4 |    2475 |    5577 |  69.3 |      12 |      22 |  64.7
     Lair:5 |   10370 |    1049 |   9.2 |      31 |       5 |  13.9
     Lair:6 |    8152 |    2342 |  22.3 |      29 |      12 |  29.3
      IceCv |       0 |   12848 | 100.0 |       0 |      44 | 100.0
            +---------+---------+-------+---------+---------+-------
